 Dungeon Crawl Stone Soup version 0.32-a0-886-g41c5271027 (webtiles) character file.

Game seed: 8438920667411717637

21332 Autsider the Thaumaturge (level 12, 119/119 HPs)
             Began as an Oni Hedge Wizard on Apr 2, 2024.
             Was a Priest of Vehumet.
             Quit the game on level 3 of the Lair of Beasts.
             The game lasted 01:28:57 (18841 turns).

Autsider the Thaumaturge (Oni Hedge Wizard)        Turns: 18841, Time: 01:28:58

Health: 119/119    AC:  6    Str: 17    XL:     12   Next: 88%
Magic:  27/27      EV: 25    Int: 25    God:    Vehumet [***...]
Gold:   310        SH:  0    Dex:  8    Spells: 8/33 levels left

rFire   . . .        D - +1 giant spiked club
rCold   . . .        (shield currently unavailable)
rNeg    . . .        (body armour restricted)
rPois   .            c - +0 hat
rElec   .            b - +0 cloak
rCorr   .            (gloves unavailable)
SInv    .            (boots unavailable)
Will    +....        A - amulet of the acrobat
Stlth   +            u - +6 ring of intelligence
HPRegen 0.39/turn    i - +4 ring of protection
MPRegen 0.20/turn

%: acrobat
@: acrobatic
A: large, unfitting armour, horns 1, tough skin 1, double potion healing,
drunken brawling
a: Renounce Religion


You were on level 3 of the Lair of Beasts.
You worshipped Vehumet.
Vehumet was most pleased with you.
You visited 3 branches of the dungeon, and saw 14 of its levels.

You collected 756 gold pieces.
You spent 446 gold pieces at shops.

Inventory:

Hand Weapons
 a - a +1 club
 D - a +1 giant spiked club (weapon)
 I - the +8 short sword "Guekigal" {antimagic, *Noise rC+ rN+ Int+2 Stlth+}
   (You found it on level 6 of the Dungeon)

   Int+2:     It affects your intelligence (+2).
   rC+:       It protects you from cold.
   rN+:       It protects you from negative energy.
   *Noise:    It may make a loud noise when swung.
   Stlth+:    It makes you more stealthy.
 K - a +0 giant club
Missiles
 z - 2 throwing nets
Armour
 b - a +0 cloak (worn)
 c - a +0 hat (worn)
Jewellery
 g - a ring of willpower
 i - a +4 ring of protection (right hand)
 n - a +5 ring of evasion
 u - a +6 ring of intelligence (left hand)
 v - a ring of ice
 A - an amulet of the acrobat (around neck)
 H - a +6 ring of dexterity
 N - a ring of wizardry
Wands
 s - a wand of flame (6)
 B - a wand of roots (23)
 J - a wand of mindburst (13)
 O - a wand of digging (3)
Scrolls
 k - 4 scrolls of identify
 m - 3 scrolls of poison
 q - 2 scrolls of teleportation
 r - a scroll of noise
 C - 4 scrolls of revelation
 E - a scroll of immolation
 G - 2 scrolls of fear
 L - a scroll of fog
Potions
 d - a potion of experience {unknown}
 e - 4 potions of haste
 f - 2 potions of heal wounds
 h - 2 potions of might
 j - 4 potions of curing
 l - a potion of mutation
 o - a potion of resistance
 p - 8 potions of lignification
 t - a potion of attraction
 w - 3 potions of brilliance
 x - 3 potions of enlightenment
 F - a potion of berserk rage {unknown}
 M - a potion of invisibility {unknown}


   Skills:
 - Level 8.0 Fighting
 - Level 6.0 Maces & Flails
 - Level 6.0 Dodging
 - Level 1.4 Stealth
 + Level 11.0 Spellcasting
 + Level 9.6 Conjurations
 - Level 3.0 Summonings
 - Level 3.0 Translocations
 + Level 7.1 Fire Magic
 - Level 3.0 Air Magic
 - Level 6.0 Alchemy


You had 8 spell levels left.
You knew the following spells:

 Your Spells              Type           Power      Damage    Failure   Level
a - Magic Dart            Conj           100%       1d8       1%          1
b - Olgreb's Toxic Radia  Alch           43%        N/A       1%          4
c - Ignite Poison         Fire/Alch      46%        N/A       1%          4
d - Scorch                Fire           98%        2d9       1%          2
e - Iskenderun's Mystic   Conj/Tloc      45%        2d10      (+2d51%     4
f - Inner Flame           Hex/Fire       31%        N/A       1%          3
w - Mephitic Cloud        Conj/Alch/Air  44%        N/A       1%          3
z - Blink                 Tloc           56%        N/A       1%          2
A - Call Imp              Summ           56%        N/A       1%          2

Your spell library contained the following spells:

 Spells                   Type           Power      Damage    Failure   Level
 Freeze                   Ice            52%        1d6       1%          1
 Sting                    Conj/Alch      100%       1d9       1%          1
 Cigotuvi's Dreadful Rot  Necr/Alch/Air  56%        N/A       1%          2
 Lesser Beckoning         Tloc           56%        N/A       1%          2
 Mercury Vapours          Alch/Air       72%        N/A       1%          2
 Momentum Strike          Conj/Tloc      90%        3d10      1%          2
 Hailstorm                Conj/Ice       37%        3d9       1%          3
 Volatile Blastmotes      Fire/Tloc      78%        2d16      1%          3
 Sticky Flame             Fire/Alch      46%        2d9       1%          4
 Frozen Ramparts          Ice            26%        1d4       3%          3
 Necrotise                Necr           52%        1d6       4%          1
 Slow                     Hex            52%        N/A       4%          1
 Summon Ice Beast         Ice/Summ       21%        N/A       7%          3
 Tukima's Dance           Hex            13%        N/A       13%         3
 Vampiric Draining        Necr           13%        2d6       13%         3
 Plasma Beam              Fire/Air       19%        2x1d31    22%         6
 Dimensional Bullseye     Hex/Tloc       10%        N/A       24%         4
 Martyr's Knell           Necr/Summ      21%        N/A       24%         4
 Curse of Agony           Necr           13%        N/A       77%         5
 Permafrost Eruption      Ice/Erth       6%         2x4d3     82%         6
 Sculpt Simulacrum        Ice/Alch       14%        N/A       89%         6
 Enfeeble                 Hex            6%         N/A       100%        7
 Ozocubu's Refrigeration  Ice            6%         4d8       100%        7
 Polar Vortex             Ice            6%         N/A       100%        9


Dungeon Overview and Level Annotations

Branches:
Dungeon (10/15)            Temple (1/1) D:5            Lair (3/5) D:9
 Shoals (0/4) Lair:2        Snake (0/4) Lair:2
    Orc: D:9-12

Altars:
Ashenzari
Cheibriados
Dithmenos
Elyvilon
Fedhas
Gozag
Hepliaklqana
Kikubaaqudgha
Makhleb
Nemelex Xobeh
Okawaru
Qazlal
Ru
Sif Muna
Trog
Uskayaw
Vehumet
Wu Jian
Xom
Yredelemnul
Zin
The Shining One
Jiyva

Shops:
D:4 :   D:7 [[?!!   D:9 ?:

Annotations:
D:3 exclusion: downstairs
D:6 exclusion: downstairs
D:7 3 runed translucent doors, PaleRider's ghost, novice DrSh
D:8 exclusions: downstairs and obsidian statue
Lair:2 3 runed translucent doors, Losh's ghost, journeyman FoNe


Innate Abilities, Weirdness & Mutations

You are too large for most types of armour.
You have a pair of small horns on your head.
You have tough skin. (AC +1)
You gain doubled healing and magic from potions.
Whenever you drink a healing potion, you attack all around you.


Message History

You are encased in ice.
Your cerulean imp hits the rime drake from afar with a -2 spear.
The ice encasing you melts away. The rime drake breathes ice at you.
The icy flash freeze hits your cerulean imp!
Your cerulean imp dies!
Your cerulean imp disappears in a puff of smoke!
The rime drake breathes ice at you. The icy flash freeze hits you!
* * * LOW HITPOINT WARNING * * *
You are encased in ice.
Casting: Call Imp (safe; 1% risk of failure)
Confirm with . or Enter, or press ? or * to list all spells.
Flames lash the rime drake.
The rime drake is moderately wounded.
The rime drake's fire resistance burns away.
Casting: Scorch (safe; 1% risk of failure)
Confirm with . or Enter, or press ? or * to list all spells.
Flames lash the rime drake.
The rime drake is burned terribly!
The rime drake is severely wounded.
The ice encasing you melts away. The rime drake barely misses you. x2
Casting: Scorch (safe; 1% risk of failure)
Confirm with . or Enter, or press ? or * to list all spells.
Flames lash the rime drake but do no damage.
The rime drake breathes ice at you. The icy flash freeze misses you.
Casting: Scorch (safe; 1% risk of failure)
Confirm with . or Enter, or press ? or * to list all spells.
Flames lash the rime drake.
The rime drake is burned terribly!
You kill the rime drake!
Vehumet accepts your kill.
You feel your power returning.
C - 4 scrolls of revelation (gained 1)
You pick up a book of the Tundra and begin reading...
You add the spells Summon Ice Beast and Permafrost Eruption to your library.
Okay, then.
Okay, then.
Okay, then.
Are you sure you want to abandon this character and quit the game? (Confirm with "yes".)

#........#.†÷......#.
##.....##...#.###...##
#....#....#### #...###
###....#...#########....#
#....#.#...###...#.#....###
###P.+.....................
#..#......I..>..I.....I##
#..'.....................
#...##..@###...##....#.#.
##....#...####.###....# #
####.....##....######....#
#.##...........##.##....##
######.........#.....I.....#.#
##..###.........#.........###.#
....#............##..<..##.....#
...................#..#..........
...........).....................


There were no monsters in sight!

Vanquished Creatures
  Erica (Lair:2)
  A catoblepas (Lair:1)
  A two-headed ogre (D:9)
  Pikel (D:4)
  2 harpies (Lair:2)
  3 elephants
  Joseph (D:7)
  2 black mambas (Lair:2)
  9 cane toads
  5 komodo dragons
  A kobold demonologist (D:9)
  Jeremiah (Lair:1)
  3 rime drakes
  2 ice devils
  3 polar bears
  10 blink frogs
  A dire elephant simulacrum (Lair:1)
  A shadow (D:9)
  8 yaks
  4 wyverns
  4 basilisks
  Grum (D:8)
  11 water moccasins
  A black bear (D:5)
  3 ogres
  2 ice beasts
  7 wolves
  2 centaurs (D:9)
  4 lemures (D:4)
  2 kobold brigands (D:8)
  6 bullfrogs
  A two-headed ogre simulacrum (Lair:1)
  A scorpion (D:7)
  An elephant simulacrum (Lair:1)
  6 killer bees (D:8)
  3 howler monkeys (D:9)
  A lava snake (D:8)
  4 orc priests
  4 hounds
  A jelly (D:6)
  2 iguanas (D:5)
  4 orc wizards
  A spriggan simulacrum (Lair:1)
  3 adders
  A gnoll (D:5)
  A shadow imp (D:7)
  A dart slug (D:2)
  15 orcs
  9 ball pythons
  6 bats
  5 endoplasms
  5 giant cockroaches
  7 goblins
  5 hobgoblins
  3 jackals
  12 kobolds
  4 quokkas
  5 frilled lizards
  5 rats
219 creatures vanquished.

Vanquished Creatures (collateral kills)
  Maurice (D:7)
  A komodo dragon (Lair:3)
  Psyche (D:7)
  2 water moccasins
  An ice beast (D:7)
  A centaur (D:8)
  A bullfrog (Lair:1)
  A jelly (D:7)
  An orc priest (D:6)
  A sleepcap (D:7)
  2 gnolls (D:5)
  3 adders
  A dart slug (D:1)
  2 orcs (D:6)
  2 hobgoblins (D:1)
  A frilled lizard (D:1)
  2 goblins
  A kobold (D:3)
25 creatures vanquished.

Vanquished Creatures (others)
  2 kobolds (D:8)
2 creatures vanquished.

Grand Total: 246 creatures vanquished

Notes
Turn   | Place    | Note
-------+----------+-------------------------------------------
     0 | D:1      | Autsider the Oni Hedge Wizard began the quest for the Orb.
     0 | D:1      | Reached XP level 1. HP: 16/16 MP: 5/5
    19 | D:1      | Reached skill level 1 in Summonings
    57 | D:1      | Reached skill level 1 in Conjurations
   269 | D:1      | Reached XP level 2. HP: 18/24 MP: 0/6
   272 | D:1      | Learned a level 2 spell: Call Imp
   275 | D:1      | Learned a level 2 spell: Blink
   365 | D:1      | Reached skill level 1 in Translocations
   838 | D:1      | Reached skill level 4 in Spellcasting
   865 | D:1      | Reached XP level 3. HP: 27/31 MP: 1/8
   869 | D:1      | Learned a level 3 spell: Mephitic Cloud
  1838 | D:2      | Reached XP level 4. HP: 39/39 MP: 6/10
  2517 | D:3      | Got the Almanac of Curses and Wildfire
  2589 | D:3      | Found a faded altar of an unknown god.
  2764 | D:3      | Found a glowing golden altar of the Shining One.
  3163 | D:4      | Noticed an ogre
  3174 | D:4      | Noticed a lemure
  3175 | D:4      | Reached XP level 5. HP: 45/45 MP: 4/11
  3306 | D:4      | Found Bulim's Book Boutique.
  3409 | D:4      | Learned a level 4 spell: Iskenderun's Mystic Blast
  3490 | D:4      | Found an iron altar of Okawaru.
  3618 | D:4      | Noticed an ogre
  3633 | D:4      | Killed an ogre
  3634 | D:4      | Reached XP level 6. HP: 53/53 MP: 2/13
  3910 | D:4      | Reached skill level 5 in Spellcasting
  4120 | D:4      | Noticed Pikel
  4340 | D:4      | Killed Pikel
  4341 | D:4      | Reached skill level 6 in Spellcasting
  4341 | D:4      | Reached skill level 1 in Air Magic
  4341 | D:4      | Reached skill level 1 in Alchemy
  4341 | D:4      | Reached XP level 7. HP: 18/66 MP: 0/16
  4632 | D:5      | Entered Level 5 of the Dungeon
  4738 | D:5      | Reached XP level 8. HP: 75/75 MP: 14/17
  5187 | D:5      | Found an ornate altar of the Wu Jian Council.
  5419 | D:5      | Found a sparkling altar of Nemelex Xobeh.
  5466 | D:5      | Found a staircase to the Ecumenical Temple.
  5477 | Temple   | Entered the Ecumenical Temple
  5495 | Temple   | Became a worshipper of Vehumet
  5669 | D:6      | Identified the +8 short sword "Guekigal" {antimagic, *Noise
                  | rC+ rN+ Int+2 Stlth+}
  6003 | D:6      | Reached skill level 1 in Maces & Flails
  6633 | D:7      | Found Kuhaqast's Distillery.
  6637 | D:7      | Bought a potion of might for 44 gold pieces
  6637 | D:7      | Bought a potion of curing for 33 gold pieces
  7049 | D:7      | Found Jeegouli's Distillery.
  7057 | D:7      | Bought a potion of heal wounds for 65 gold pieces
  7057 | D:7      | Bought a potion of heal wounds for 65 gold pieces
  7057 | D:7      | Bought a potion of heal wounds for 65 gold pieces
  7082 | D:7      | Noticed PaleRider's ghost (novice DrSh)
  7112 | D:7      | Found a runed translucent gate.
  7112 | D:7      | Found a runed translucent gate.
  7112 | D:7      | Found a runed translucent gate.
  7171 | D:7      | Found Zuckian's Antique Armour Boutique.
  7172 | D:7      | Found Wonoibiu's Magic Scroll Emporium.
  7179 | D:7      | Bought a scroll of identify for 22 gold pieces
  7179 | D:7      | Bought a scroll of identify for 22 gold pieces
  7187 | D:7      | Found Cumabin's Armour Shop.
  7207 | D:7      | Noticed Joseph
  7425 | D:7      | Killed Joseph
  7426 | D:7      | Reached skill level 7 in Spellcasting
  7426 | D:7      | Reached skill level 5 in Conjurations
  7426 | D:7      | Reached XP level 9. HP: 15/84 MP: 13/19
  7495 | D:7      | Noticed Maurice
  7504 | D:8      | Noticed Psyche
  7522 | D:7      | Killed Maurice
  7913 | D:7      | Found a snail-covered altar of Cheibriados.
  8262 | D:7      | Killed Psyche
  8636 | D:8      | Found a hide-covered altar of Uskayaw.
  8707 | D:8      | Noticed Grum
  8708 | D:8      | Reached skill level 8 in Spellcasting
  8741 | D:8      | Killed Grum
  8786 | D:8      | Reached skill level 5 in Fighting
  8868 | D:8      | Reached * piety under Vehumet
  8868 | D:8      | Offered knowledge of Shock by Vehumet.
  8869 | D:8      | Reached XP level 10. HP: 61/96 MP: 3/22
  9186 | D:8      | Found a sacrificial altar of Ru.
  9448 | D:8      | Reached skill level 5 in Maces & Flails
  9612 | D:8      | Noticed an obsidian statue
  9798 | D:9      | Found a staircase to the Lair.
  9823 | D:9      | Noticed a two-headed ogre
  9868 | D:9      | Found Luofyfupp's Magic Scroll Emporium.
  9920 | D:9      | HP: 2/97 [two-headed ogre/+0 giant club (21)]
  9932 | D:10     | Entered Level 10 of the Dungeon
  9985 | D:9      | Noticed a kobold demonologist
 10205 | D:9      | Killed a two-headed ogre
 10284 | D:9      | Killed a kobold demonologist
 10554 | D:9      | Found Qianuf's Tiny Tomes.
 10772 | D:9      | Found a burning altar of Makhleb.
 10772 | D:9      | Found a shadowy altar of Dithmenos.
 10773 | D:9      | Found a bloodstained altar of Trog.
 10982 | D:9      | Bought the Discourse on Ashes for 130 gold pieces
 10987 | D:9      | Learned a level 4 spell: Olgreb's Toxic Radiance
 10992 | D:9      | Learned a level 4 spell: Ignite Poison
 11192 | D:10     | Noticed a vault guard
 11213 | Lair:1   | Entered Level 1 of the Lair of Beasts
 11245 | Lair:1   | Reached skill level 9 in Spellcasting
 12065 | D:9      | Offered knowledge of Scorch by Vehumet.
 12066 | D:9      | Reached skill level 1 in Fire Magic
 12069 | D:9      | Learned a level 2 spell: Scorch
 12655 | D:9      | Reached ** piety under Vehumet
 12808 | Lair:1   | Reached XP level 11. HP: 67/109 MP: 4/24
 12949 | Lair:1   | Noticed Jeremiah
 12955 | Lair:1   | Killed Jeremiah
 13815 | Lair:1   | Reached skill level 5 in Dodging
 14287 | Lair:1   | Noticed a catoblepas
 14677 | Lair:1   | Killed a catoblepas
 15125 | Lair:2   | Reached skill level 5 in Alchemy
 15176 | Lair:2   | Found a runed translucent gate.
 15176 | Lair:2   | Found a runed translucent gate.
 15176 | Lair:2   | Found a runed translucent gate.
 15177 | Lair:2   | Noticed Losh's ghost (journeyman FoNe)
 15183 | Lair:2   | Found a viscous altar of Jiyva.
 15190 | Lair:2   | Found a staircase to the Shoals.
 15190 | Lair:2   | Noticed a harpy
 15190 | Lair:2   | Noticed a harpy
 15213 | Lair:2   | Killed a harpy
 15216 | Lair:2   | Killed a harpy
 15494 | Lair:2   | Reached skill level 5 in Fire Magic
 15507 | Lair:2   | Noticed Erica
 15594 | Lair:1   | Reached XP level 12. HP: 110/119 MP: 5/25
 15719 | Lair:1   | Offered knowledge of Inner Flame by Vehumet.
 15852 | Lair:1   | Learned a level 3 spell: Inner Flame
 15995 | Lair:2   | Killed Erica
 16401 | Lair:2   | Found a staircase to the Snake Pit.
 17120 | Lair:3   | Reached skill level 10 in Spellcasting
 18101 | Lair:3   | Reached *** piety under Vehumet
 18615 | Lair:3   | Reached skill level 11 in Spellcasting
 18841 | Lair:3   | Quit the game

Illustrated notes

Levels and vault maps discovered:
D:1:      heliophobic_arrival_enchanted_forest, layout_loops_ring
D:2:      layout_rooms
D:3:      layout_rooms, mainiacjoe_overflow_small_starburst,
          ebering_ecumenical_altar_box
D:4:      layout_basic, mainiacjoe_overflow_brackets, serial_shops, shop,
          uniq_pikel
D:5:      layout_loops_ring, nemelex_spade_bored_becter,
          nicolae_wu_jian_immortal_techniques, minmay_temple_entry_metal_lava
D:6:      layout_basic, grunt_decor_one_mirror
D:7:      layout_loops_ring, marbit_many_paths, serial_shops, shop, shop, shop,
          shop, shop, gammafunk_ghost_icy, roderic_st_hans_cross,
          eino_small_chamber_without_monster, uniq_maurice, uniq_joseph
D:8:      minmay_statue_hallways, layout_rooms, kennysheep_little_box,
          nicolae_uskayaw_suspiria, uniq_grum, uniq_psyche
D:9:      layout_roguey, gammafunk_temple_overflow_claw, dpeg_oklobed_lair,
          serial_shops, nicolae_shop_gibbet_a_chance,
          nicolae_shop_i_like_small_books_too
D:10:     layout_cave_pools, erik_orc_3, enter_trove_5, kennysheep_doodads
Temple:   hc_temple_tempest_star
Lair:1:   dreamdust_isle_of_ice, layout_hall_layers, uniq_jeremiah
Lair:2:   layout_roguey, nicolae_shoals_entry_roost,
          minmay_snake_entry_six_corridors, gammafunk_ghost_ooze,
          grunt_forest_small_clearings, infiniplex_staircase_pool_2, uniq_erica
Lair:3:   layout_hall_layers, wad_woods_river_04, grunt_megastairs_5

Skill      XL: |  1  2  3  4  5  6  7  8  9 10 11 12 |
---------------+-------------------------------------+-----
Summonings     | 1 2 3 |  3.0
Conjurations   | 1 2 4 5 6 7 8 9 |  9.6
Translocations | 1 2 3 |  3.0
Spellcasting   | 4 6 7 8 9 11 | 11.0
Fighting       | 2 3 4 5 7 8 |  8.0
Air Magic      | 1 2 3 |  3.0
Alchemy        | 1 2 3 6 |  6.0
Maces & Flails | 3 4 6 |  6.0
Dodging        | 2 4 6 |  6.0
Fire Magic     | 1 5 7 |  7.1
Stealth        | |  1.4

Action                     |  1- 3 |  4- 6 |  7- 9 | 10-12 || total
---------------------------+-------+-------+-------+-------++-------
  Melee: Unarmed           |    13 |       |       |       ||    13
         Headbutt          |     3 |    17 |    11 |    61 ||    92
         Club              |    13 |    62 |    52 |   156 ||   283
         Giant spiked club |       |       |       |    17 ||    17
   Cast: Magic Dart        |    90 |    97 |   153 |   140 ||   480
         Call Imp          |     7 |    14 |    24 |    41 ||    86
         Mephitic Cloud    |       |     7 |    18 |    84 ||   109
         Blink             |       |     1 |     1 |    18 ||    20
         Iskenderun's Myst |       |       |       |    69 ||    69
         Scorch            |       |       |       |   107 ||   107
         Olgreb's Toxic Ra |       |       |       |    10 ||    10
         Ignite Poison     |       |       |       |    31 ||    31
  Evoke: Wand              |       |       |       |    16 ||    16
    Use: Scroll            |       |     1 |    10 |    10 ||    21
         Potion            |       |       |       |     6 ||     6
   Stab: Confused          |       |     4 |     4 |     6 ||    14
 Armour: Skin              |    34 |    47 |    93 |   242 ||   416
  Dodge: Dodged            |    21 |    39 |    56 |   194 ||   310

Table legend: (Time is in decaauts)
 A = Elapsed time spent in this place.
 B = Non-inter-level travel time spent in this place.
 C = Inter-level travel time spent in this place.
 D = Time resting spent in this place.
 E = Time spent auto-exploring this place.
 F = Levels seen in this place.
 G = Mean time per level.
                   A        B        C        D        E       F      G
               +--------+--------+--------+--------+--------+-----+--------+
         Total |  18931 |  17922 |   1009 |   2616 |  11431 |  14 | 1352.2 |
       Dungeon |  12725 |  11863 |    862 |    794 |   8335 |  10 | 1272.5 |
        Temple |     36 |      1 |     35 |      0 |      0 |   1 |   36.0 |
          Lair |   6169 |   6058 |    111 |   1822 |   3096 |   3 | 2056.3 |
               +--------+--------+--------+--------+--------+-----+--------+

Top non-repeatable levels by time:
  Lair:1: 2760 daAuts
  Lair:2: 2569 daAuts
     D:9: 2374 daAuts
     D:8: 1999 daAuts
     D:1: 1655 daAuts
     D:7: 1645 daAuts
     D:4: 1449 daAuts
     D:6: 1034 daAuts
     D:5: 999 daAuts
  Lair:3: 838 daAuts
     D:2: 788 daAuts
     D:3: 761 daAuts
  Temple: 36 daAuts
    D:10: 17 daAuts
